cohdb
Replays
Latest Replays
All Replays
Popular Replays
Top Player Replays
Match Explorer
How It Works
Community
CoH3 Stats
Reddit
Sign in to upload your games and track your stats! →
Sign in with Steam
Match 37627562
Unlisted
Match 37627562
Overview
Messages
Build Orders
End
Construct Weapon Support Center
Scout Squad
Selects Special Operations Battlegroup
Selects M29 Weasel Recon Vehicle
M29 Weasel Recon Vehicle
M1919 Machine Gun Team
Bazooka Squad
Construct Medical Station
Selects Raiding Flares
Infantry Support Center
Engineer Squad
M3 Armored Personnel Carrier
Selects SSF Commando Squad
SSF Commando Squad
Engineer Squad
Advanced Logistics
Survival Training
Raiding Flares
SSF Commando Squad
SSF Commando Squad
Raiding Flares
SSF Commando Squad
Selects Assault Operation
Selects P-47 Anti-Infantry Loiter
Selects UNKNOWN (2162291)
Improved M9 Bazooka Rockets
Raiding Flares
SSF Commando Squad
Construct Tank Depot
P-47 Anti-Infantry Loiter
M4A1 Sherman Whizbang
Raiding Flares
SSF Commando Squad
Raiding Flares
Raiding Flares
SSF Commando Squad
Assault Operation
M4A1 Sherman Whizbang
Raiding Flares
M4A1 Sherman Medium Tank
Max1boy
SneaKerz
gb_gbg
larrylesaint
Shaka92
†TugaElite†
0
0
Comments
sign in to comment!
No comments posted yet!